 Dungeon Crawl Stone Soup version 0.20-a0-927-g1ae2c61 (webtiles) character file.

85267 jrtrd the Bewitcher (level 15, 23/110 HPs)
             Began as a Vampire Enchanter on Mar 28, 2017.
             Was the Champion of Kikubaaqudgha.
             Quit the game on level 3 of the Spider Nest.
             The game lasted 02:23:54 (9182 turns).

jrtrd the Bewitcher (Vampire Enchanter)             Turns: 9182, Time: 02:23:54

Health: 23/110     AC: 17    Str:  8    XL:     15   Next: 37%
Magic:  4/25       EV: 19    Int: 24    God:    Kikubaaqudgha [******]
Gold:   460        SH:  0    Dex: 19    Spells: 2/28 levels left

rFire    . . .     SeeInvis +   b - +0 triple sword (slice)
rCold    + . .     Gourm    .   (shield currently unavailable)
rNeg     + + +     Faith    .   e - +3 leather armour {rN+}
rPois    +         Spirit   .   (no helmet)
rElec    .         Reflect  .   x - +1 cloak
rCorr    .         Harm     .   f - +2 pair of gloves {archery}
MR       ++...                  p - +1 pair of boots
Stlth    +++++++...             y - amulet of rage
Regen    0.2/turn               K - +4 ring of protection
MPRegen  0.2/turn               w - +3 ring of intelligence

@: regenerating slowly
A: fangs 3, see invisible, agile 1, berserk 1, magic resistance 1, unbreathing
a: Bat Form, Receive Corpses, Torment, Renounce Religion, Evoke Berserk Rage


You were on level 3 of the Spider Nest.
You worshipped Kikubaaqudgha.
Kikubaaqudgha was exalted by your worship.
You were near bloodless.

You visited 5 branches of the dungeon, and saw 28 of its levels.
You also visited: Ice Cave and Volcano.

You collected 955 gold pieces.
You spent 495 gold pieces at shops.

Inventory:

Hand Weapons
 a - a +6 dagger of pain
 b - a +0 triple sword of slicing (weapon)
Missiles
 C - 2 throwing nets (quivered)
Armour
 e - a +3 leather armour of positive energy (worn)
 f - a +2 pair of gloves of archery (worn)
 p - a +1 pair of boots (worn)
 x - a +1 cloak (worn)
 R - a +3 leather armour of fire resistance
Jewellery
 k - an uncursed ring of magical power
 o - an uncursed ring of protection from fire
 w - a +3 ring of intelligence (right hand)
 y - an amulet of rage (around neck)
 J - an uncursed ring of protection from cold
 K - a +4 ring of protection (left hand)
 Q - the ring of Qoitsann {rC+ Dex-3}
   (You found it on level 5 of the Lair of Beasts)

   [ring of dexterity]

   It affects your dexterity (-3).
   It protects you from cold.
Wands
 g - a wand of confusion (7/48)
 u - a wand of enslavement (5/24)
 A - a wand of disintegration (8/24)
 E - a wand of polymorph (12/24)
 F - a wand of digging (5/24)
 N - a wand of flame (22/48)
 U - a wand of paralysis (0/24)
 Z - a wand of paralysis (7/24)
Scrolls
 d - 6 scrolls of immolation
 r - 8 scrolls of remove curse
 t - 2 scrolls of fear
 D - 3 scrolls of enchant armour
 G - 2 scrolls of identify
 H - 4 scrolls of teleportation
 L - 2 scrolls of noise
 M - a scroll of amnesia
 S - 4 scrolls of magic mapping
 Y - a scroll of recharging
Potions
 h - 4 potions of haste
 i - 2 potions of curing
 j - 2 potions of brilliance
 m - a potion of lignification
 n - 2 potions of magic
 s - 7 potions of resistance
 v - 2 potions of agility
 I - 2 potions of ambrosia
 P - 3 potions of berserk rage
 T - a potion of might
Books
 c - a book of Maledictions

   Spells                             Type                      Level
   a - Corona                         Hexes                        1
   b - Ensorcelled Hibernation        Hexes/Ice                    2
   c - Confuse                        Hexes                        3
   d - Tukima's Dance                 Hexes                        3
   e - Dazzling Spray                 Conjuration/Hexes            3
 l - a book of Minor Magic

   Spells                             Type                      Level
   a - Magic Dart                     Conjuration                  1
   b - Blink                          Translocation                2
   c - Call Imp                       Summoning                    2
   d - Slow                           Hexes                        2
   e - Conjure Flame                  Conjuration/Fire             3
   f - Mephitic Cloud                 Conjuration/Poison/Air       3
 q - a book of Power

   Spells                             Type                      Level
   a - Iskenderun's Battlesphere      Conjuration/Charms           5
   b - Venom Bolt                     Conjuration/Poison           5
   c - Bolt of Magma                  Conjuration/Fire/Earth       5
   d - Iron Shot                      Conjuration/Earth            6
   e - Orb of Destruction             Conjuration                  7
   f - Spellforged Servitor           Conjuration/Summoning        7
 z - Kikubaaqudgha's Grimoire of Evil
   (Kikubaaqudgha gifted it to you on level 8 of the Dungeon)

   Spells                             Type                      Level
   a - Pain                           Necromancy                   1
   b - Corpse Rot                     Necromancy                   2
   c - Sublimation of Blood           Necromancy                   2
   d - Regeneration                   Charms/Necromancy            3
   e - Control Undead                 Necromancy                   4
 B - a book of Ice

   Spells                             Type                      Level
   a - Ice Form                       Ice/Transmutation            4
   b - Metabolic Englaciation         Hexes/Ice                    5
   c - Ozocubu's Refrigeration        Ice                          6
   d - Bolt of Cold                   Conjuration/Ice              6
   e - Freezing Cloud                 Conjuration/Ice/Air          6
   f - Simulacrum                     Ice/Necromancy               6
 V - Kikubaaqudgha's Incunabulum of Stolen Souls
   (Kikubaaqudgha gifted it to you on level 12 of the Dungeon)

   Spells                             Type                      Level
   a - Excruciating Wounds            Charms/Necromancy            5
   b - Cigotuvi's Embrace             Necromancy                   5
   c - Dispel Undead                  Necromancy                   5
   d - Simulacrum                     Ice/Necromancy               6
   e - Death Channel                  Necromancy                   6
 W - a book of Party Tricks

   Spells                             Type                      Level
   a - Summon Butterflies             Summoning                    1
   b - Apportation                    Translocation                1
   c - Lesser Beckoning               Translocation                3
   d - Tukima's Dance                 Hexes                        3
   e - Alistair's Intoxication        Transmutation/Poison         5
   f - Invisibility                   Hexes                        6
 X - a book of Necromancy

   Spells                             Type                      Level
   a - Pain                           Necromancy                   1
   b - Animate Skeleton               Necromancy                   1
   c - Vampiric Draining              Necromancy                   3
   d - Regeneration                   Charms/Necromancy            3
   e - Animate Dead                   Necromancy                   4
   f - Control Undead                 Necromancy                   4
Miscellaneous
 O - 3 boxes of beasts


   Skills:
 + Level 7.7 Fighting
 - Level 10.2(11.1) Short Blades
 + Level 6.6(9.0) Long Blades
 - Level 10.0 Dodging
 - Level 16.0 Stealth
 - Level 7.2 Spellcasting
 - Level 16.0 Hexes
 - Level 13.0 Necromancy
 - Level 2.1 Ice Magic
 - Level 7.2 Evocations


You had 2 spell levels left.
You knew the following spells:

 Your Spells              Type           Power        Failure   Level  Hunger
a - Apportation           Tloc           #.....       12%         1    None
b - Ensorcelled Hibernat  Hex/Ice        ######       1%          2    None
c - Confuse               Hex            ######..     1%          3    None
d - Tukima's Dance        Hex            ######..     1%          3    None
e - Corpse Rot            Necr           N/A          1%          2    None
f - Animate Dead          Necr           N/A          1%          4    ###....
g - Vampiric Draining     Necr           ######....   1%          3    None
i - Invisibility          Hex            ######..     2%          6    ######.
u - Sublimation of Blood  Necr           ######....   1%          2    None


Dungeon Overview and Level Annotations

Branches:
Dungeon (15/15)            Temple (1/1) D:5            Lair (6/6) D:9
  Swamp (2/4) Lair:2       Spider (4/4) Lair:3       Depths (0/5) D:15
  Slime: Lair:5-6       Orc: D:9-12      Vaults: D:13-14

Altars:
Ashenzari
Cheibriados
Fedhas
Gozag
Hepliaklqana
Kikubaaqudgha
Makhleb
Nemelex Xobeh
Qazlal
Sif Muna
Uskayaw
Vehumet
Wu Jian
Yredelemnul
Zin
The Shining One

Shops:
D:8 %   D:15 }

Annotations:
D:3 exclusion: orc priest
D:6 nht's ghost, novice OgFi
D:8 nht's ghost, novice DsMo
Lair:2 exclusion: oklob plant
Lair:4 Rupert
Lair:6 1 runed door


Innate Abilities, Weirdness & Mutations

You heal slowly.
You have razor-sharp teeth.
You have supernaturally acute eyesight. (SInv)
You can survive without breathing.
You are agile. (Dex +2)
You tend to lose your temper in combat.
You are resistant to hostile enchantments. (MR+)


Message History

You barely miss the demonic crawler. The demonic crawler closely misses you.
The demonic crawler hits you.
The demonic crawler hits you but does no damage.
The demonic crawler hits you. The demonic crawler barely misses you.
The demonic crawler completely misses you.
You slash the demonic crawler!
The demonic crawler is lightly wounded.
The demonic crawler hits you but does no damage.
The demonic crawler completely misses you.
The demonic crawler barely misses you.
The demonic crawler hits you but does no damage. x3
You barely miss the demonic crawler.
The demonic crawler is lightly wounded.
The demonic crawler completely misses you.
The demonic crawler closely misses you. The demonic crawler hits you!
* * * LOW HITPOINT WARNING * * *
The demonic crawler hits you!
* * * LOW HITPOINT WARNING * * *
The demonic crawler closely misses you. The demonic crawler barely misses you.
Are you sure you want to abandon this character and quit the game? (Confirm with "yes".)

.. # #. .
#.#.####
#..#...#
#.....#
#.....#
#....# #.
##s...#..#
#.@....#
##....#.# .
##.....# #
.^.#.....##
#...†.†#
....#..>##
.....#...#
#...##..##
#..# #.##


You could see a demonic crawler.

Vanquished Creatures
  2 ghost moths
  2 entropy weavers
  A dire elephant (Lair:6)
  A spark wasp (Spider:4)
  An ettin (D:15)
  A fire dragon (D:14)
  A vault guard (D:13)
  Harold (Lair:3)
  2 hydras
  6 centaur warriors
  2 catoblepae
  3 death yaks (Lair:6)
  3 two-headed ogres
  A tengu warrior (D:15)
  A fire crab (Lair:6)
  A hell knight (Volcano)
  An unseen horror (D:11)
  A deep troll (D:15)
  A swamp dragon (Swamp:2)
  A wizard (D:15)
  2 lindwurms (Lair:6)
  8 orb spiders
  7 wolf spiders
  2 orc knights (D:15)
  3 deep elf magi
  An ugly thing (D:12)
  2 cyclopes
  2 manticores (Lair:6)
  Maurice (D:12)
  7 elephants
  2 black mambas (Lair:6)
  3 gargoyles
  8 spiny frogs
  7 torpor snails
  3 centaur skeletons
  Psyche (D:8)
  A freezing wraith (D:12)
  A yaktaur (Volcano)
  7 komodo dragons
  3 kobold demonologists
  An efreet (D:14)
  2 demonic crawlers
  A tengu conjurer (D:15)
  3 trolls
  13 jumping spiders
  5 polar bears
  Prince Ribbit (D:8)
  4 tyrant leeches (Lair:6)
  11 hornets
  13 blink frogs
  11 hippogriffs
  4 slime creatures (D:15)
  3 dream sheep (Lair:6)
  26 redbacks
  A wyvern (Lair:5)
  A shadow (D:13)
  4 tarantellas
  A hog (shapeshifter) (D:15)
  A human (D:13)
  43 yaks
  3 basilisks
  A hungry ghost (D:12)
  10 vampire mosquitoes
  2 wargs (D:15)
  An acid dragon (D:13)
  6 water moccasins
  3 porcupines
  3 orc warriors
  3 ice beasts
  2 phantoms
  A black bear (Lair:1)
  A necrophage (D:10)
  2 sky beasts
  8 ogres
  14 centaurs
  6 wolves
  5 crocodiles
  5 big kobolds
  11 bullfrogs
  A wyvern zombie (D:9)
  2 scorpions
  A wight (D:6)
  3 killer bees (D:12)
  An electric eel (Lair:2)
  3 crimson imps
  2 bullfrog zombies
  3 centaur zombies
  A quasit (D:9)
  4 hounds
  5 jellies
  A gnoll shaman (D:8)
  3 orc priests
  2 bullfrog skeletons
  12 orc wizards
  2 iguanas
  8 worker ants
  A howler monkey zombie (D:6)
  3 gnolls (D:8)
  7 adders
  2 shadow imps
  An ooze (D:1)
  An adder skeleton (D:7)
  3 worms
  A dart slug (D:1)
  2 leopard geckos (D:4)
  26 orcs
  3 bats
  4 giant cockroaches
  5 goblins
  3 hobgoblins
  3 jackals (D:2)
  3 quokkas
  A frilled lizard (D:2)
  13 kobolds
  A rat (D:1)
  A plant (Lair:6)
478 creatures vanquished.

Vanquished Creatures (collateral kills)
  A ghost moth (Spider:4)
  2 orb spiders (Spider:4)
  2 wolf spiders (Spider:4)
  4 hornets (Spider:4)
  3 redbacks (Spider:4)
  2 tarantellas (Spider:4)
14 creatures vanquished.

Vanquished Creatures (others)
  A manticore (D:13)
  A centaur zombie (D:14)
  A rime drake (D:14)
  A dancing weapon (D:13)
  2 yaks
  A vampire mosquito (Lair:2)
  A warg (D:15)
  A water moccasin (Lair:3)
  An eye of draining (shapeshifter) (D:15)
  A shadow imp (D:15)
  2 fungi
  2 plants (Lair:6)
15 creatures vanquished.

Grand Total: 507 creatures vanquished

Notes
Turn   | Place    | Note
-------+----------+-------------------------------------------
     0 | D:1      | jrtrd the Vampire Enchanter began the quest for the Orb.
     0 | D:1      | Reached XP level 1. HP: 13/13 MP: 3/3
   114 | D:1      | You fall through a shaft!
   141 | D:2      | Reached XP level 2. HP: 11/19 MP: 5/5
   162 | D:2      | Learned a level 2 spell: Ensorcelled Hibernation
   330 | D:2      | Reached XP level 3. HP: 24/24 MP: 6/6
   335 | D:2      | Learned a level 3 spell: Confuse
   350 | D:2      | Reached skill level 1 in Ice Magic
   543 | D:3      | Reached skill level 5 in Hexes
   543 | D:3      | Reached XP level 4. HP: 30/30 MP: 7/7
   734 | D:4      | Reached skill level 5 in Stealth
   802 | D:4      | Noticed a phantom
   828 | D:5      | Entered Level 5 of the Dungeon
   970 | D:5      | Found a staircase to the Ecumenical Temple.
  1001 | Temple   | Entered the Ecumenical Temple
  1017 | Temple   | Became a worshipper of Kikubaaqudgha
  1036 | D:5      | Noticed an ogre
  1050 | D:5      | Killed an ogre
  1050 | D:5      | Reached XP level 5. HP: 35/35 MP: 2/8
  1140 | D:4      | Reached XP level 6. HP: 41/41 MP: 9/9
  1171 | D:4      | Noticed an orc warrior
  1271 | D:5      | Killed an orc warrior
  1300 | D:5      | Got an iridescent short sword
  1301 | D:5      | Identified the cursed +1 short sword of Precise Incision {freeze, rElec Str+10 Int-5 Dex+2} (You found it on level 5 of the Dungeon)
  1383 | D:6      | Noticed a sky beast
  1393 | D:6      | Killed a sky beast
  1402 | D:6      | Reached XP level 7. HP: 46/46 MP: 1/10
  1579 | D:6      | Gained mutation: Potions are less effective at restoring your health. [potion of mutation]
  1579 | D:6      | Gained mutation: Your mind is acute. (Int +2) [potion of mutation]
  1579 | D:6      | Gained mutation: You passively map a small area around you. [potion of mutation]
  1580 | D:6      | Lost mutation: You passively map a small area around you. [potion of mutation]
  1580 | D:6      | Lost mutation: Your mind is acute. (Int +2) [potion of mutation]
  1580 | D:6      | Lost mutation: Potions are less effective at restoring your health. [potion of mutation]
  1580 | D:6      | Gained mutation: You tend to lose your temper in combat. [potion of mutation]
  1580 | D:6      | Gained mutation: You are agile. (Dex +2) [potion of mutation]
  1580 | D:6      | Gained mutation: You are resistant to hostile enchantments. (MR+) [potion of mutation]
  1584 | D:6      | Found a glowing golden altar of the Shining One.
  1599 | D:6      | Noticed nht's ghost (novice OgFi)
  1655 | D:7      | Learned a level 3 spell: Tukima's Dance
  1760 | D:7      | Reached XP level 8. HP: 38/52 MP: 12/12
  1765 | D:7      | Reached skill level 5 in Short Blades
  1819 | D:8      | Reached * piety under Kikubaaqudgha
  1819 | D:8      | Identified Kikubaaqudgha's Grimoire of Evil (Kikubaaqudgha gifted it to you on level 8 of the Dungeon)
  1819 | D:8      | Received a gift from Kikubaaqudgha
  1846 | D:8      | Noticed nht's ghost (novice DsMo)
  1995 | D:8      | Noticed Psyche
  2032 | D:8      | Reached skill level 10 in Hexes
  2059 | D:8      | Killed Psyche
  2082 | D:8      | Found Ehacadai's Food Boutique.
  2267 | D:9      | Reached XP level 9. HP: 57/57 MP: 13/13
  2307 | D:9      | Learned a level 2 spell: Corpse Rot
  2310 | D:9      | Learned a level 2 spell: Sublimation of Blood
  2353 | D:9      | Found a stormy altar of Qazlal.
  2357 | D:9      | Found a blossoming altar of Fedhas.
  2365 | D:9      | Reached skill level 1 in Necromancy
  2374 | D:9      | Found a hide-covered altar of Uskayaw.
  2412 | D:9      | Got a sapphire dagger
  2419 | D:9      | Identified the +9 dagger "Xeffolyj" {venom, *Noise +Inv SInv Stlth+} (You found it on level 9 of the Dungeon)
  2495 | D:10     | Entered Level 10 of the Dungeon
  2525 | D:10     | Reached skill level 5 in Dodging
  2537 | D:10     | Noticed a cyclops
  2728 | D:9      | Found a staircase to the Lair.
  2763 | D:8      | Found an ornate altar of the Wu Jian Council.
  2766 | D:8      | Noticed Prince Ribbit
  2772 | D:8      | Killed Prince Ribbit
  2772 | D:8      | Reached skill level 1 in Evocations
  2788 | D:9      | Found a deep blue altar of Sif Muna.
  2788 | D:9      | Found a radiant altar of Vehumet.
  2789 | D:9      | Found a snail-covered altar of Cheibriados.
  2858 | D:9      | Reached ** piety under Kikubaaqudgha
  2885 | D:11     | Noticed an unseen horror
  2891 | D:11     | Killed an unseen horror
  3213 | D:10     | Killed a cyclops
  3213 | D:10     | Reached XP level 10. HP: 63/63 MP: 14/14
  3258 | D:11     | Noticed a gargoyle
  3404 | D:11     | Noticed a cyclops
  3405 | D:11     | Killed a cyclops
  3405 | D:11     | Reached skill level 5 in Evocations
  3414 | D:11     | Killed a gargoyle
  3414 | D:11     | Reached skill level 10 in Short Blades
  3479 | D:12     | Noticed Maurice
  3479 | D:12     | Noticed a purple ugly thing
  3546 | D:12     | Killed Maurice
  3548 | D:12     | Reached skill level 10 in Stealth
  3554 | D:12     | Killed a purple ugly thing
  3572 | D:12     | Noticed a two-headed ogre
  3577 | D:12     | Killed a two-headed ogre
  3577 | D:12     | Reached XP level 11. HP: 68/68 MP: 15/15
  3725 | D:12     | Reached *** piety under Kikubaaqudgha
  3725 | D:12     | Identified Kikubaaqudgha's Incunabulum of Stolen Souls (Kikubaaqudgha gifted it to you on level 12 of the Dungeon)
  3725 | D:12     | Received a gift from Kikubaaqudgha
  3881 | D:14     | Noticed a centaur warrior
  3890 | D:14     | Killed a centaur warrior
  3890 | D:14     | Reached skill level 1 in Fighting
  3937 | D:13     | Noticed a soul eater
  3986 | D:13     | Noticed a vault guard
  3994 | D:13     | Reached skill level 5 in Spellcasting
  4013 | D:13     | Noticed a two-headed ogre
  4014 | D:13     | Killed a vault guard
  4021 | D:13     | Killed a two-headed ogre
  4029 | D:13     | Learned a level 6 spell: Invisibility
  4159 | D:14     | Noticed a deep elf mage
  4412 | D:14     | Found a sparkling altar of Nemelex Xobeh.
  4418 | D:14     | Noticed a centaur warrior
  4429 | D:14     | Killed a centaur warrior
  4429 | D:14     | Reached XP level 12. HP: 76/81 MP: 15/20
  4446 | D:14     | Reached **** piety under Kikubaaqudgha
  4492 | D:14     | Found a frozen archway.
  4545 | IceCv    | Entered an ice cave
  4660 | D:15     | Entered Level 15 of the Dungeon
  4667 | D:15     | Found a staircase to the Depths.
  4667 | D:15     | Noticed an ettin
  4673 | D:15     | Noticed a two-headed ogre
  4676 | D:15     | Noticed a tengu warrior
  4677 | D:15     | Noticed a centaur warrior
  4677 | D:15     | Killed an ettin
  4733 | D:14     | Found a snail-covered altar of Cheibriados.
  4873 | D:15     | Killed a tengu warrior
  5031 | D:15     | Killed a centaur warrior
  5031 | D:15     | Reached skill level 5 in Necromancy
  5036 | D:15     | Noticed a centaur warrior
  5048 | D:15     | Killed a centaur warrior
  5242 | D:15     | Reached ***** piety under Kikubaaqudgha
  5256 | D:15     | Found Pulorch's Gadget Shop.
  5269 | D:15     | Reached skill level 5 in Fighting
  5272 | D:15     | Noticed a centaur warrior
  5272 | D:15     | Bought a wand of disintegration (9/24) for 195 gold pieces
  5272 | D:15     | Bought a box of beasts for 300 gold pieces
  5278 | D:15     | Killed a centaur warrior
  5304 | D:15     | Killed a two-headed ogre
  5322 | D:15     | Reached XP level 13. HP: 92/92 MP: 1/22
  5418 | D:15     | Got a transparent robe
  5447 | D:15     | Identified the +1 robe of Tucvocu {Str+5} (You found it on level 15 of the Dungeon)
  5562 | D:14     | Noticed a fire dragon
  5614 | D:14     | Killed a fire dragon
  5614 | D:14     | Reached skill level 15 in Hexes
  5821 | D:9      | Found a burning altar of Makhleb.
  5889 | Lair:1   | Entered Level 1 of the Lair of Beasts
  5980 | Lair:2   | Found a staircase to the Swamp.
  6259 | Lair:3   | Found a hole to the Spider Nest.
  6298 | Lair:3   | Noticed Harold
  6313 | Lair:3   | Killed Harold
  6396 | Lair:3   | Found a dark tunnel.
  6401 | Volcano  | Entered a volcano
  6606 | Lair:4   | Noticed Rupert
  6625 | Lair:3   | Learned a level 4 spell: Animate Dead
  6629 | Lair:3   | Learned a level 3 spell: Vampiric Draining
  6772 | Lair:5   | Got a slimy marble ring
  6774 | Lair:5   | Identified the cursed ring of Qoitsann {rC+ Dex-3} (You found it on level 5 of the Lair of Beasts)
  6832 | Lair:5   | Reached skill level 15 in Stealth
  6838 | Lair:6   | Entered Level 6 of the Lair of Beasts
  6950 | Lair:6   | Learned a level 1 spell: Apportation
  6973 | Lair:6   | Reached ****** piety under Kikubaaqudgha
  7001 | Lair:6   | Identified a +5 dagger of pain (a +3 dagger of distortion bloodied by Kikubaaqudgha)
  7001 | Lair:6   | Received a gift from Kikubaaqudgha
  7127 | Lair:6   | Found a runed door.
  7129 | Lair:6   | Reached XP level 14. HP: 100/100 MP: 21/24
  7604 | Lair:6   | Reached skill level 10 in Dodging
  7668 | Lair:6   | Reached skill level 10 in Necromancy
  8040 | Spider:1 | Entered Level 1 of the Spider Nest
  8393 | Swamp:1  | Entered Level 1 of the Swamp
  8418 | Swamp:2  | Reached skill level 1 in Long Blades
  8565 | Spider:1 | HP: 3/100 [disintegration (16)]
  8593 | Spider:1 | Noticed an entropy weaver
  8699 | Spider:1 | Killed an entropy weaver
  8724 | Spider:2 | Reached XP level 15. HP: 72/105 MP: 17/25
  8784 | Spider:3 | Noticed a ghost moth
  8792 | Spider:3 | Killed a ghost moth
  8836 | Spider:3 | Reached skill level 5 in Long Blades
  8902 | Spider:4 | Entered Level 4 of the Spider Nest
  8952 | Spider:4 | Noticed a ghost moth
  8992 | Spider:4 | Killed a ghost moth
  9036 | Spider:4 | Noticed a ghost moth
  9051 | Spider:4 | Killed a ghost moth
  9182 | Spider:3 | Quit the game

Vault maps used:
D:1:      co_arrival_square_in_a_square_in_a_square, minmay_pentomino_u4
D:3:      first_bread, uniq_robin, uniq_jessica, uniq_sigmund
D:4:      guppyfry_early_orc_mine, uniq_natasha
D:5:      minmay_temple_entry_glass
D:6:      marbit_many_paths, nicolae_sextant
D:8:      kennysheep_mini, serial_shops, nicolae_shop_statue_plus, uniq_psyche,
          uniq_prince_ribbit1, uniq_grum
D:9:      grunt_temple_overflow_forces_of_nature,
          eat_drink_and_be_merry_uskayaw, nicolae_overflow_quartered_altars,
          dpeg_oklobed_lair, erik_orc_1
D:12:     uniq_maurice
D:13:     grunt_vaults_entry_fortified, grunt_livestock, kennysheep_small_spiral
D:14:     portal_ice_cave_entry_animals_and_master, basic_altar,
          cheibriados_altar_1, grunt_ministairs_2
D:15:     hangedman_depths_entry_civil_slaughter, serial_bayou_pond_e,
          serial_shops, nicolae_shop_crystal, nooodl_orcs_dogs
Temple:   dshaligram_water_room_temple
Lair:1:   grunt_megastairs_1, infiniplex_staircase_pool_2
Lair:2:   minmay_swamp_entry_swarm, st_stairs_12
Lair:3:   nicolae_spider_entry_tight_spaces, enter_volcano_4, uniq_harold
Lair:4:   pond_and_an_island_with_a_cottage, uniq_rupert
Lair:5:   beast_lair_carwin_10, grunt_megastairs_3
Lair:6:   wormcave, hangedman_lair_in_review, slime_altar_2
Swamp:1:  evilmike_swamp_ruin_rubble_2
Swamp:2:  nicolae_swamp_stair_fork, swamp_pool4
Spider:1: cheibrodos_spider_silkery
Spider:2: guppyfry_spider_mini_3
Spider:4: guppyfry_spider_rune
IceCv:    ice_cave_tombish
Volcano:  volcano_pools

Skill      XL: |  1  2  3  4  5  6  7  8  9 10 11 12 13 14 15 |
---------------+----------------------------------------------+-----
Short Blades   | 2 3 4 7 8 10 | 10.2
Ice Magic      | 1 2 |  2.1
Hexes          | 5 6 8 10 11 13 14 16 | 16.0
Stealth        | 6 8 9 10 11 13 15 16 | 16.0
Spellcasting   | 3 5 6 7 |  7.2
Dodging        | 5 8 9 10 | 10.0
Necromancy     | 4 5 8 13 | 13.0
Evocations     | 3 6 7 |  7.2
Fighting       | 3 5 6 7 |  7.7
Long Blades    | 4 6 |  6.6

Action                   |  1- 3 |  4- 6 |  7- 9 | 10-12 | 13-15 || total
-------------------------+-------+-------+-------+-------+-------++-------
Melee: Dagger            |    77 |    47 |    88 |   299 |   490 ||  1001
       Bite              |     6 |     5 |    10 |    22 |    36 ||    79
       Short sword       |       |     5 |    48 |       |       ||    53
       Triple sword      |       |       |       |       |     3 ||     3
Throw: Javelin           |       |    11 |     2 |     6 |       ||    19
       Throwing net      |       |     1 |       |       |     1 ||     2
 Cast: Corona            |     4 |       |       |       |       ||     4
       Ensorcelled Hiber |     9 |    22 |    46 |    81 |   168 ||   326
       Confuse           |       |     3 |    18 |    41 |    35 ||    97
       Tukima's Dance    |       |       |       |     2 |       ||     2
       Sublimation of Bl |       |       |       |     4 |     5 ||     9
       Invisibility      |       |       |       |     2 |    17 ||    19
       Animate Dead      |       |       |       |       |     4 ||     4
Invok: Brand Weapon With |       |       |       |       |     1 ||     1
       Receive Corpses   |       |       |       |       |     2 ||     2
 Abil: End Transformatio |       |     1 |     2 |       |       ||     3
       Bat Form          |       |     1 |     2 |       |       ||     3
       Evoke Invisibilit |       |       |     1 |     3 |       ||     4
       Turn Visible      |       |       |       |     3 |       ||     3
Evoke: Wand              |       |       |       |     5 |     7 ||    12
  Use: Scroll            |     2 |     6 |     6 |     5 |    13 ||    32
       Potion            |     6 |     5 |     7 |    20 |    15 ||    53
 Stab: Sleeping          |     8 |    19 |    36 |    76 |   157 ||   296
       Confused          |       |     3 |    16 |    22 |    20 ||    61
       Invisible         |       |       |     2 |    13 |    54 ||    69
       Paralysed         |       |       |       |     1 |     2 ||     3
       Distracted        |       |       |       |     1 |       ||     1
       Held in net/web   |       |       |       |       |     2 ||     2
       Petrified         |       |       |       |       |     1 ||     1
Armor: Robe              |    17 |     5 |       |       |       ||    22
       Leather armour    |       |       |    22 |    59 |   104 ||   185
Dodge: Dodged            |    47 |    30 |    49 |   191 |   361 ||   678
